Map: Catalyst LE

Players

Dessa

  • Race: Zerg Zerg
  • League: Diamond
  • Spawn Location: 11:00

babyka - Winner!

  • Race: Terran Terran
  • League: Diamond
  • Spawn Location: 5:00

VOD

Have the link to the VOD?

Description

Time

  • Played on: Dec. 18, 2017, 11:24 a.m.
  • Length: 8:44
Show
View Real Time Build Order
Export as new Build Order

Dessa Zerg 

Build Orders: Hatch First 

Get SALT Encoding   

  12  0:01  Drone  
  13  0:13  Overlord  
  13  0:18  Drone  
  14  0:31  Drone x2  
  16  0:36  Drone  
  17  0:58  Drone, Hatchery  
  17  1:02  Drone  
  17  1:03  Extractor  
  17  1:08  Drone  
  18  1:21  Spawning Pool  
  18  1:23  Drone  
  18  1:28  Drone  
  19  1:42  Drone  
  20  1:54  Overlord  
  20  2:07  Metabolic Boost, Queen  
  22  2:10  Queen  
  22  2:13  Zergling x4  
  26  2:16  Drone  
  26  2:22  Drone  
  28  2:23  Drone  
  28  2:53  Queen  
  28  2:56  Overlord  
  28  2:57  Drone x3, Baneling Nest  
  32  3:08  Drone  
  33  3:16  Drone x2  
  33  3:17  Drone  
  35  3:31  Drone x4  
  39  3:41  Drone x2  
  41  3:43  Drone, Overlord  
  42  4:09  Drone x2  
  44  4:10  Drone  
  44  4:11  Roach Warren  
  44  4:13  Extractor  
  44  4:14  Extractor, Zergling x10  
  44  4:15  Zergling x4  
  48  4:37  Drone  
  48  4:38  Drone x2  
  51  4:40  Lair  
  51  4:41  Overlord x3  
  51  4:59  Roach  
  55  5:00  Roach x5  
  55  5:04  Drone  
  64  5:12  Overlord  
  64  5:17  Pneumatized Carapace  
  64  5:34  Drone  
  64  5:35  Extractor  
  64  5:36  Drone x3, Hatchery, Overlord  
  64  5:39  Glial Reconstitution  
  64  5:42  Overlord x2  
  66  5:43  Evolution Chamber  
  66  5:44  Evolution Chamber  
  64  6:01  Roach  
  64  6:02  Roach x5  
  76  6:40  Ravager  
  76  6:44  Zerg Ground Armor Level 1, Zerg Missile Weapons Level 1  
  77  6:48  Roach  
  77  6:49  Roach x5  
  77  6:52  Ravager  
  77  6:54  Overlord x3  
  90  7:11  Queen  
  92  7:18  Drone x5  
  96  7:39  Drone x2  
  96  7:40  Drone, Hydralisk Den, Overlord  
  91  8:13  Zergling x2  
  91  8:14  Zergling x28  
  98  8:25  Drone  
Show
View Real Time Build Order
Export as new Build Order

babyka Terran - Winner!

Build Orders: Hellion Opening, Reaper Expand, Mech 

Get SALT Encoding   

  12  0:00  SCV  
  13  0:13  SCV  
  14  0:17  Supply Depot  
  14  0:25  SCV  
  15  0:28  Refinery  
  15  0:38  SCV  
  16  0:46  Barracks  
  16  0:51  SCV  
  17  1:03  SCV  
  18  1:15  SCV  
  19  1:33  Orbital Command, Reaper  
  20  1:45  Command Center  
  20  1:56  Factory  
  20  1:59  SCV  
  21  2:06  Refinery  
  21  2:08  Barracks Reactor  
  21  2:12  SCV  
  22  2:19  Supply Depot  
  22  2:24  SCV  
  23  2:40  SCV  
  24  2:45  Starport  
  24  2:52  Hellion x2, SCV  
  29  3:02  Orbital Command  
  29  3:06  SCV  
  29  3:08  Barracks Tech Lab  
  30  3:18  SCV  
  31  3:21  Hellion x2  
  35  3:30  SCV  
  35  3:31  SCV  
  35  3:33  Viking  
  39  3:38  Supply Depot  
  39  3:50  SCV x2  
  39  3:52  Hellion x2  
  45  4:00  Supply Depot  
  45  4:02  SCV x2, Supply Depot  
  50  4:17  Hellion x2  
  50  4:21  SCV x2  
  52  4:25  Raven  
  52  4:29  Armory  
  54  4:33  SCV x2  
  56  4:45  SCV x2, Command Center  
  56  4:48  Barracks Tech Lab  
  56  4:52  Hellion x2  
  62  4:57  Refinery  
  62  4:58  Refinery  
  62  5:00  Supply Depot  
  62  5:02  SCV x2  
  64  5:08  Supply Depot  
  64  5:19  SCV x2  
  66  5:32  Factory x2  
  66  5:37  SCV x2  
  66  5:38  Terran Vehicle Weapons Level 1  
  68  5:48  Starport Reactor  
  68  5:49  SCV x2  
  70  5:50  Barracks Tech Lab  
  70  5:53  Hellion x2  
  74  6:01  SCV x2  
  76  6:13  SCV x2  
  78  6:18  Engineering Bay  
  78  6:23  Supply Depot  
  78  6:24  Thor  
  88  6:26  Thor  
  88  6:28  Medivac x2  
  88  6:31  Refinery, SCV x2  
  96  6:34  Refinery  
  96  6:35  Orbital Command  
  96  6:53  SCV x2  
  98  6:55  Hellion x2  
  98  6:57  Infernal Pre-Igniter, Supply Depot  
  98  6:59  Supply Depot  
  98  7:00  Supply Depot  
  102  7:05  SCV x2  
  102  7:06  SCV  
  105  7:10  Siege Tank  
  108  7:17  SCV  
  108  7:19  SCV x2, Siege Tank  
  108  7:21  Hellion  
  108  7:22  Hellion  
  118  7:29  SCV, Factory  
  119  7:31  SCV x2, Factory  
  119  7:33  Supply Depot  
  119  7:34  Supply Depot  
  119  7:36  Supply Depot  
  121  7:42  Barracks Tech Lab, Starport Tech Lab  
  121  7:44  Siege Tank  
  121  7:46  Hellion x2  
  121  7:51  Siege Tank  
  113  8:10  Hellion x2  
  120  8:20  Command Center  
  123  8:27  Supply Depot x2  
  123  8:28  Supply Depot  
Tags
 
Add a new tag
Caveats
  • Supply blocks, unpowered buildings, or Contaminate may cause inaccurate times.
  • Supply counts are checked every 10 seconds.